 Dungeon Crawl Stone Soup version 0.16-a0-324-g99bef82 (webtiles) character file.

210 PolkaDot the Caller (level 5, 0/38 HPs)
             Began as a Vampire Summoner on Sept 3, 2014.
             Slain by an orc
             ... wielding a +0 falchion of slicing
              (1 damage)
             ... on Level 3 of the Dungeon.
             The game lasted 00:07:06 (2470 turns).

PolkaDot the Caller (Vampire Summoner)              Turns: 2470, Time: 00:07:07

HP   0/38        AC  3     Str  7      XL: 5   Next: 57%
MP   7/9         EV 12     Int 18      God:
Gold 148         SH  0     Dex 14      Spells:  3 memorised,  2 levels left

rFire  . . .     SeeInvis +     d - +0 club
rCold  . . .     Clarity  .     p - +0 robe {MR+}
rNeg   . . .     rCorr    .     (no shield)
rPois  .         rRot     .     (no helmet)
rElec  .         Spirit   .     e - +0 cloak
SustAb .         Warding  .     (no gloves)
rMut   .         Stasis   .     (no boots)
Gourm  .                        (no amulet)
MR     +....                    (no ring)
                                (no ring)

@: regenerating quickly, somewhat resistant to hostile enchantments, unstealthy
A: fangs 3, see invisible, unbreathing
a: no special abilities


You were on level 3 of the Dungeon.
You were very full.

You visited 1 branch of the dungeon, and saw 3 of its levels.

You collected 148 gold pieces.

Inventory:

Hand weapons
 d - a +0 club (weapon)
Armour
 e - a +0 cloak (worn)
 p - a +0 robe of magic resistance (worn)
Magical devices
 m - a wand of fire (3)
 n - a wand of paralysis (0)
Scrolls
 a - a scroll of enchant armour {unknown}
 f - a scroll of identify {unknown}
 g - a scroll of random uselessness {unknown}
 h - 2 scrolls of teleportation {unknown}
 i - 2 scrolls of amnesia {unknown}
 j - a scroll of recharging {unknown}
 k - 2 scrolls of remove curse {unknown}
Jewellery
 l - a +3 ring of dexterity {unknown}
Potions
 c - a potion of coagulated blood {@w2}
 o - a potion of agility {unknown}
Books
 b - a book of Callings

   Spells                             Type                      Level
   *Summon Small Mammal               Summoning                    1
   *Call Imp                          Summoning                    2
   *Call Canine Familiar              Summoning                    3
   Summon Guardian Golem              Hexes/Summoning              4
   Summon Lightning Spire             Summoning/Air                4
   Summon Ice Beast                   Ice/Summoning                4


   Skills:
 + Level 2.2 Fighting
 - Level 2.1 Dodging
 - Level 3.0 Stealth
 - Level 2.0 Spellcasting
 * Level 6.2 Summonings


You had 2 spell levels left.
You knew the following spells:

 Your Spells              Type           Power        Failure   Level  Hunger
a - Summon Small Mammal   Summ           ###.         1%          1    #......
b - Call Imp              Summ           ###.....     1%          2    ##.....
d - Call Canine Familiar  Summ           ###.....     4%          3    ####...


Dungeon Overview and Level Annotations

Branches:
Dungeon (3/15)

Altars:
Makhleb


Innate Abilities, Weirdness & Mutations

Your natural rate of healing is unusually fast.
You have razor-sharp teeth.
You have supernaturally acute eyesight.
You can survive without breathing.


Message History

You barely miss the orc.
The orc hits you with a glowing falchion!
* * * LOW HITPOINT WARNING * * *
x2 Your hound bites the orc but does no damage.
Your hound closely misses the orc.
Your hound misses the orc.
Your hound bites the orc.
The orc barely misses your hound.
Your hound barely misses the orc.
The orc misses your hound.
Your hound bites the orc but does no damage.
Your hound barely misses the orc.
You hit the orc.
The orc is almost dead.
Your hound bites the orc but does no damage.
The orc hits you but does no damage.
Your hound closely misses the orc.
You barely miss the orc. Your bite misses the orc.
The orc is almost dead.
Your hound closely misses the orc.
The orc hits you with a glowing falchion.
* * * LOW HITPOINT WARNING * * *
You die...

##### #...#######
############...##....##
........)..'...........
############...#.......
######################...#.......
....)........oho@...##...#.......
#######>.....######.##...#.......
#......# #..#...####.### ########
##.#h..# #.# #..#### #.# ##)##
#.# ##..### #.# #.....# #.#
#.....# #.#


You could see 2 orcs and a friendly hound.

Vanquished Creatures
  An ice beast (D:3)
  A phantom (D:3)
  Ijyb (D:3)
  Jessica (D:3)
  5 orcs (D:3)
  2 giant cockroaches (D:1)
  7 goblins
  5 hobgoblins
  3 jackals (D:1)
  A bat (D:3)
  A giant newt (D:1)
  5 kobolds
  9 rats
42 creatures vanquished.

Vanquished Creatures (collateral kills)
  2 hobgoblins (D:1)
  3 jackals (D:3)
  A giant newt (D:3)
6 creatures vanquished.

Vanquished Creatures (others)
  A hound (D:3)
1 creature vanquished.

Grand Total: 49 creatures vanquished

Notes
Turn   | Place    | Note
--------------------------------------------------------------
     0 | D:1      | PolkaDot, the Vampire Summoner, began the quest for the Orb.
     0 | D:1      | Reached XP level 1. HP: 13/13 MP: 3/3
   310 | D:1      | Reached XP level 2. HP: 4/19 MP: 4/4
  1416 | D:2      | Reached XP level 3. HP: 21/25 MP: 6/6
  1536 | D:2      | Found a burning altar of Makhleb.
  1536 | D:2      | Noticed a cacodemon
  1791 | D:3      | Noticed an ice beast
  1796 | D:3      | Learned a level 3 spell: Call Canine Familiar
  1814 | D:3      | Killed an ice beast
  1814 | D:3      | Reached skill level 1 in Fighting
  1814 | D:3      | Reached skill level 5 in Summonings
  1814 | D:3      | Reached XP level 4. HP: 14/32 MP: 2/7
  1852 | D:3      | Learned a level 2 spell: Call Imp
  1946 | D:3      | Noticed Ijyb
  1948 | D:3      | Noticed a phantom
  1981 | D:3      | Paralysed by Ijyb for 4 turns
  1999 | D:3      | Paralysed by Ijyb for 4 turns
  2023 | D:3      | Killed Ijyb
  2031 | D:3      | Killed a phantom
  2031 | D:3      | Reached skill level 6 in Summonings
  2031 | D:3      | Reached XP level 5. HP: 13/38 MP: 6/9
  2258 | D:3      | Noticed Jessica
  2266 | D:3      | Killed Jessica
  2470 | D:3      | HP: 1/38 [orc/glowing falchion (5)]
  2470 | D:3      | Slain by an orc

Action                   |  1- 3 |  4- 6 || total
-------------------------+-------+-------++-------
Melee: Club              |   151 |    85 ||   236
       Unarmed           |     5 |       ||     5
 Cast: Summon Small Mamm |     7 |     1 ||     8
       Call Canine Famil |     2 |     5 ||     7
Evoke: Wand              |       |     2 ||     2
  Use: Potion            |     4 |       ||     4
 Stab: Distracted        |     1 |     2 ||     3
       Sleeping          |     1 |     1 ||     2
  Eat: Corpse            |    14 |     5 ||    19
